 Dungeon Crawl Stone Soup version 0.31-a0-455-g1a7b003ef0 (webtiles) character file.

Game seed: 18280664995102008234

13154 kae the Mimic (level 11, -4/103 HPs)
             Began as a Pale Draconian Shapeshifter on Aug 3, 2023.
             Was a Priest of Ru.
             Slain by a salamander
             ... wielding a +0 halberd
              (15 damage)
             ... in a volcano.
             The game lasted 00:09:29 (11564 turns).

kae the Mimic (Pale Draconian Shapeshifter)        Turns: 11564, Time: 00:09:29

Health: -4/103     AC: 11    Str: 22    XL:     11   Next: 71%
Magic:  11/11      EV: 13    Int:  8    God:    Ru [***...]
Gold:   1740       SH:  0    Dex: 23    Spells: 10/10 levels left

rFire   . .          .
                       - Unarmed
rCold   . . .        (shield currently unavailable)
rNeg    . . .        (body armour unavailable)
rPois   +            (helmet currently unavailable)
rElec   .            (cloak currently unavailable)
rCorr   .            (gloves currently unavailable)
SInv    .            (boots currently unavailable)
Will    .....        g - amulet of regeneration
Stlth   ++           P - ring of poison resistance
HPRegen 1.17/turn    D - +6 ring of dexterity
MPRegen 0.12/turn

%: no passive effects
@: snake-form, unable to read
A: constrict, boosted hp, (breathe steam), AC +7, large, unfitting armour,
(cold-blooded), inability to read after injury 2, hated by all, (steam
resistance)
a: Begin Untransformation, Renounce Religion, Draw Out Power


You were in a volcano.
You worshipped Ru.
Ru was most pleased with you.
You were an enormous anaconda.
You visited 3 branches of the dungeon, and saw 13 of its levels.
You also visited: Sewer, Ossuary and Volcano.

You collected 1740 gold pieces.


Innate Abilities, Weirdness & Mutations

You are an enormous anaconda.
You have a powerful constriction melee attack.
Your maximum health is increased.
Your armour is entirely melded.
You are incapable of wielding weapons or throwing items.
((You can breathe blasts of scalding, opaque steam.))
((Your pale cyan-grey scales are hard. (AC +7)))
You cannot fit into any form of body armour.
((You are cold-blooded and may be slowed by cold attacks.))
You sometimes lose the ability to read scrolls when taking damage.
You are hated by all.
((You are immune to the effects of steam.))


   Skills:
 - Level 5.0 Fighting
 - Level 5.0 Dodging
 - Level 9.0 Unarmed Combat
 + Level 13.4 Shapeshifting


You had 10 spell levels left.
You didn't know any spells.
Your spell library contained the following spells:

 Spells                   Type           Power      Damage    Failure   Level
 Kiss of Death            Conj/Necr      0%         2d5       41%         1
 Cigotuvi's Dreadful Rot  Necr/Pois/Air  0%         N/A       54%         2
 Confusing Touch          Hex            0%         N/A       78%         3
 Frozen Ramparts          Ice            0%         1d1       78%         3
 Ignite Poison            Fire/Tmut/Pois 0%         N/A       78%         3
 Dispel Undead            Necr           0%         3d6       99%         4
 Petrify                  Tmut/Erth      0%         N/A       99%         4
 Freezing Cloud           Conj/Ice/Air   0%         6-21      100%        5
 Metabolic Englaciation   Hex/Ice        0%         N/A       100%        5

Inventory:

Missiles
 c - 93 stones
 n - 22 poisoned darts
 t - 5 javelins
 C - 3 atropa-tipped darts
 E - 4 throwing nets {=f!f}
Armour
 J - a +2 pair of gloves
   (You found it on level 8 of the Dungeon)
Magical Staves
 L - a staff of conjuration {!a}
   (You found it on level 11 of the Dungeon)
Jewellery
 g - an amulet of regeneration (around neck)
   (You found it on level 9 of the Dungeon)
 u - the amulet "Ratakkic" {Acrobat rN+}
   (You found it on level 6 of the Dungeon)

   [amulet of the acrobat]

   It increases your evasion while moving and waiting.
   rN:        It protects you from negative energy.
 D - a +6 ring of dexterity (right hand)
   (You found it on level 8 of the Dungeon)
 P - a ring of poison resistance (left hand)
   (You found it on level 2 of the Dungeon)
 S - a +6 ring of strength
   (You took it off an orc on level 3 of the Dungeon)
Talismans
 b - a beast talisman
 l - a talisman of death
   (You found it on level 2 of the Dungeon)
 o - a serpent talisman (active)
   (You found it on level 4 of the Dungeon)
Wands
 r - a wand of polymorph (10)
   (You took it off Ijyb on level 3 of the Dungeon)
 s - a wand of digging (17)
   (You found it on level 3 of the Dungeon)
 v - a wand of roots (11)
   (You found it on level 5 of the Dungeon)
 I - a wand of paralysis (10)
   (You found it on level 8 of the Dungeon)
Scrolls
 d - 3 scrolls of enchant weapon
 f - 4 scrolls of butterflies
 i - 2 scrolls of immolation {!r!r}
 j - 5 scrolls of poison
 k - 6 scrolls of vulnerability {!r!r}
 p - a scroll of fear
 F - a scroll of fog
 G - 2 scrolls of enchant armour
 K - 3 scrolls of teleportation {@r4}
Potions
 a - 2 potions of lignification {!q}
 e - 2 potions of magic
 h - 5 potions of berserk rage {!q}
 m - 2 potions of enlightenment
 q - 3 potions of curing {@q1}
 w - 2 potions of degeneration {!q}
 x - 5 potions of attraction {!q}
 z - a potion of might
 B - 2 potions of resistance
 H - 4 potions of haste {@q3}
 M - 2 potions of mutation {unknown}

Dungeon Overview and Level Annotations

Branches:
Dungeon (11/15) Zot: 25798  Temple (1/1) D:7 Zot: 5984    Lair (1/5) D:9 Zot: 5872
    Orc (0/2) D:11          Sewer (visited)         Ossuary (visited)
Volcano (1/1) Zot: 5673

Altars:
Ashenzari
Cheibriados
Dithmenos
Elyvilon
Gozag
Kikubaaqudgha
Makhleb
Nemelex Xobeh
Okawaru
Qazlal
Ru
Sif Muna
Trog
Uskayaw
Vehumet
Wu Jian
Xom
Zin
The Shining One

Shops:
D:9 :

Annotations:
D:3 1 runed translucent door, Crazy Yiuf
D:7 2 runed translucent doors, exclusion: orange crystal statue

.P.♣♣♣≈§≈≈.. .♣§≈≈§≈≈♣
.♣..P♣♣≈≈≈P.♣♣§≈≈≈≈≈≈♣
....♣P♣♣♣≈§§..P≈≈≈≈≈♣
..♣..[.P♣§§♣..§♣b≈≈≈♣
.♣♣♣♣..♣♣§§.P..P≈°○≈♣
## ♣♣♣.♣♣≈≈..P.§≈§≈♣ #
♣..♣≈≈...♣♣≈§§♣
♣♣.♣§≈≈...♣♣≈§♣♣
♣P.♣♣≈≈♣♣.SN≈≈≈♣
♣♣..P♣≈≈§P.♣.≈≈§§♣
♣P.P.♣≈○§.P..♣§§≈≈§
♣...♣♣○≈≈....♣♣§§≈§
♣..♣♣≈≈≈≈♣....♣ ≈≈
♣♣.P♣≈§≈≈≈♣.♣..♣ °§
♣P.P♣≈≈≈≈.♣.P.♣♣ ≈
♣♣†♣♣≈≈.PP...♣♣
♣.)♣♣.P§.P..[♣


You could see a salamander.


Message History

😎 HP[+13]
Your hp is fully restored (103).
A fire bat comes into view.
Unknown command.
A fire bat is nearby!
A fire bat is nearby!
A fire bat is nearby!
What are your orders? t - Shout!
Orders for allies: a - Attack new target. r - Retreat! s - Stop attacking. g - Guard the area. f - Follow me.
Anything else - Cancel.
You shout for attention!
You hear two shouts!
You hear a shout!
You hear two shouts!
You hear an angry hiss. x2
A salamander comes into view. It is wielding a +0 halberd.
The fire bat bites you but does no damage.
The fire bat barely misses you.
The salamander hits you with a +0 halberd.
You are engulfed in flames! 😕 HP[-20]
You take 20 damage, and now have 83/103 hp.
You lash the fire bat! You grab the fire bat. You constrict the fire bat.
The fire bat bites you.
You are engulfed in flames!
The fire bat struggles to escape constriction.
The salamander hits you but does no damage.
You body-slam the fire bat!!
You kill the fire bat!
The salamander hits you with a +0 halberd.
You are engulfed in flames!
You focus your inner power and blind the salamander in retribution! 😮 HP[-22]
You take 22 damage, and now have 61/103 hp.
MASSIVE DAMAGE!! (PAUSE)
You catch the helpless salamander completely off-guard!
You hit the salamander but do no damage.
You grab the salamander. You constrict the salamander.
The salamander hits you but does no damage. 😮 HP[+1]
You hit the salamander.
You constrict the salamander, but do no damage.
The salamander hits you but does no damage. 😮 HP[+1] Unknown command.
You body-slam the salamander!!
You constrict the salamander. 😮 HP[+1]
You hit the salamander but do no damage.
You constrict the salamander, but do no damage.
The salamander struggles to escape constriction. 😮 HP[+1]
You strike the helpless salamander from behind!
You hit the salamander but do no damage.
You constrict the salamander, but do no damage.
The salamander escapes! 😮 HP[+1]
The salamander hits you with a +0 halberd!
You feel threatened and lose the ability to read scrolls!
You are engulfed in flames!
* * * LOW HITPOINT WARNING * * *
Unknown command. 😨 HP[-29]
You take 29 damage, and now have 37/103 hp.
MASSIVE DAMAGE!! (PAUSE)
You lash the salamander! You grab the salamander.
You constrict the salamander, but do no damage.
The salamander barely misses you. 😨 HP[+1]
You hit the salamander. You constrict the salamander.
The salamander hits you with a +0 halberd.
* * * LOW HITPOINT WARNING * * *
You are engulfed in flames!
* * * LOW HITPOINT WARNING * * *
You focus your inner power and illuminate the salamander in retribution! 😱 HP[-14]
You take 14 damage, and now have 24/103 hp.
Unknown command.
You hit the salamander. You constrict the salamander.
The salamander hits you with a +0 halberd!
* * * LOW HITPOINT WARNING * * *
You are engulfed in flames!
* * * LOW HITPOINT WARNING * * *
😱 HP[-23]
You take 23 damage, and now have 1/103 hp.
MASSIVE DAMAGE!! (PAUSE) Unknown command.
Unknown command.
You feel much better.
You constrict the salamander.
The salamander stops glowing.
The salamander is no longer blind.
The salamander hits you with a +0 halberd.
* * * LOW HITPOINT WARNING * * *
You are engulfed in flames!
* * * LOW HITPOINT WARNING * * *
😱 HP[+15]
You regained 15 hp, and now have 16/103 hp.
Unknown command.
You hit the salamander. You constrict the salamander.
The salamander hits you with a +0 halberd.
* * * LOW HITPOINT WARNING * * *
You are engulfed in flames!
You die...

Skill      XL: |  1  2  3  4  5  6  7  8  9 10 11 |
---------------+----------------------------------+-----
Unarmed Combat | 4 5 6 7 8 9 |  9.0
Shapeshifting  | 4 5 6 7 9 11 13 | 13.4
Fighting       | 5 |  5.0
Dodging        | 4 5 |  5.0

Action                     |  1- 3 |  4- 6 |  7- 9 | 10-12 || total
---------------------------+-------+-------+-------+-------++-------
  Melee: Unarmed           |    90 |   116 |   265 |   215 ||   686
         Tailslap          |    15 |    13 |       |       ||    28
         Punch             |       |     2 |       |       ||     2
         Constrict         |       |       |    60 |    46 ||   106
 Invoke: Sacrifice Words   |       |       |     1 |       ||     1
         Sacrifice Love    |       |       |       |     1 ||     1
    Use: Scroll            |       |    12 |    11 |     1 ||    24
         Potion            |       |     4 |       |     2 ||     6
   Stab: Sleeping          |     1 |     1 |       |       ||     2
         Invisible         |       |       |       |     3 ||     3
 Armour: Skin              |    35 |    36 |    88 |    50 ||   209
  Dodge: Dodged            |    42 |    61 |   131 |   161 ||   395
   Form: Anaconda          |       |       |     1 |       ||     1

Levels and vault maps discovered:
D:1:      dpeg_arrival_stone_temple_mockup, layout_basic,
          shapermc_ecumenical_altar_pompeii, st_stairs_11,
          amcnicky_mini_corridor_feature, minmay_misc_feat_iff,
          minmay_misc_feat_square, grunt_decor_one_mirror
D:2:      layout_basic, chequers_serial_rivers_small_b
D:3:      layout_basic, uniq_ijyb, uniq_crazy_yiuf_cottage
D:4:      layout_loops_ring, mainiacjoe_overflow_paths, portal_sewer_entry_a,
          minivault_11
D:5:      layout_basic, minitemple, uniq_blork_the_orc
D:6:      layout_basic, uniq_eustachio
D:7:      layout_cave_pools, minmay_temple_entry_large_hall,
          chequers_guarded_unrand_ignorance
D:8:      layout_layer_cave, mainiacjoe_overflow_large_starburst,
          chequers_ossuary_entry_cave
D:9:      layout_rooms, lair_entry_dummy, serial_shops, nicolae_shop_mannequins,
          nicolae_zen_rock_garden, uniq_joseph, uniq_amaemon, uniq_psyche
D:10:     layout_small_grid, nicolae_ashenzari_panopticon
D:11:     layout_loops_ring, orc_0_dummy, serial_co_window_serial,
          co_window_corner_a, co_window_paths_b, co_window_paths_a,
          co_window_paths_a, co_window_paths_a, co_window_paths_b,
          co_window_paths_b, co_window_paths_c, co_window_unsneaky_path_a,
          co_window_of_opportunity_b, co_window_4corner_a, glass_columns_a,
          glass_columns_a, minmay_statues_item
Temple:   bh_familiar_temple
Lair:1:   layout_regular_city, enter_volcano_1,
          gammafunk_ghost_berserking_beasts, uniq_sonja, uniq_grum
Volcano:  pf_volcano_lost_world

Notes
Turn   | Place    | Note
-------+----------+-------------------------------------------
     0 | D:1      | kae the Draconian Shapeshifter began the quest for the Orb.
     0 | D:1      | Reached XP level 1. HP: 16/16 MP: 1/1
     0 | D:1      | magus.rc [v1.11.3]
    79 | D:1      | Reached XP level 2. HP: 23/23 MP: 2/2
   116 | D:1      | You pick up a book of Touch and begin reading...
   116 | D:1      | You add the spells Kiss of Death, Confusing Touch and
                  | Dispel Undead to your library.
   120 | D:1      | Found a faded altar of an unknown god.
   353 | D:1      | Reached XP level 3. HP: 18/28 MP: 3/3
  1233 | D:2      | Reached skill level 4 in Unarmed Combat
  1306 | D:3      | Reached XP level 4. HP: 35/35 MP: 4/4
  1370 | D:3      | Noticed Ijyb
  1379 | D:3      | Killed Ijyb
  1477 | D:3      | Reached skill level 4 in Shapeshifting
  1717 | D:3      | Found a runed translucent door.
  1718 | D:3      | Noticed Crazy Yiuf
  1867 | D:3      | Reached XP level 5. HP: 16/40 MP: 5/5
  1868 | D:3      | HP: 6/40 [orc/+0 mace (6)]
  1881 | D:3      | HP: 15/60 [something (4)]
  1889 | D:3      | HP: 8/40 [orc/+0 mace (3)]
  2514 | D:4      | Found a glowing drain.
  2542 | Sewer    | Entered a sewer
  2599 | Sewer    | Noticed a water moccasin
  2607 | Sewer    | HP: 7/40 [poisoned by a water moccasin]
  2609 | Sewer    | HP: 3/40 [poisoned by a water moccasin]
  2612 | Sewer    | Killed a water moccasin
  2613 | Sewer    | Reached skill level 5 in Unarmed Combat
  2613 | Sewer    | Reached XP level 6. HP: 25/47 MP: 6/6
  2759 | D:4      | Identified a scroll of acquirement
  2759 | D:4      | Acquired 1156 gold pieces
  2888 | D:4      | Reached skill level 5 in Shapeshifting
  3013 | D:4      | Found a glowing golden altar of the Shining One.
  3081 | D:4      | Reached skill level 6 in Unarmed Combat
  3104 | D:4      | Your scales start taking on a pale cyan-grey colour.
  3104 | D:4      | Reached XP level 7. HP: 51/52 MP: 7/7
  3104 | D:4      | Gained mutation: You are immune to the effects of steam.
                  | [Pale Draconian growth]
  3539 | D:5      | Entered Level 5 of the Dungeon
  3614 | D:5      | Noticed Blork the orc
  3619 | D:5      | Killed Blork the orc
  3767 | D:5      | Found a snail-covered altar of Cheibriados.
  3768 | D:5      | Found an ancient bone altar of Kikubaaqudgha.
  3769 | D:5      | Found a bloodstained altar of Trog.
  4127 | D:5      | You pick up a book of Sloth and begin reading...
  4127 | D:5      | You add the spells Frozen Ramparts, Petrify and Metabolic
                  | Englaciation to your library.
  4148 | D:5      | Reached skill level 6 in Shapeshifting
  4688 | D:6      | Identified the amulet "Ratakkic" {Acrobat rN+}
  4770 | D:6      | Reached skill level 7 in Unarmed Combat
  4797 | D:6      | Noticed Eustachio
  4810 | D:6      | Killed Eustachio
  4811 | D:6      | Reached XP level 8. HP: 47/59 MP: 8/8
  4901 | D:6      | You add the spells Cigotuvi's Dreadful Rot, Ignite Poison
                  | and Freezing Cloud to your library.
  5576 | D:6      | Reached skill level 8 in Unarmed Combat
  5692 | D:7      | Reached skill level 7 in Shapeshifting
  5772 | D:7      | Found a runed translucent door.
  5785 | D:7      | Noticed an orange crystal statue
  5919 | D:7      | Found a staircase to the Ecumenical Temple.
  5950 | Temple   | Entered the Ecumenical Temple
  6089 | D:6      | Reached XP level 9. HP: 20/64 MP: 9/9
  6245 | D:7      | Reached skill level 9 in Unarmed Combat
  6326 | D:7      | Reached skill level 8 in Shapeshifting
  6396 | D:7      | Found a runed translucent door.
  6403 | D:7      | Found the +10 tower shield of Ignorance {rN+ Int-4}
  6558 | D:8      | Found a shadowy altar of Dithmenos.
  6568 | D:8      | Found a sacrificial altar of Ru.
  6577 | D:8      | Became a worshipper of Ru the Awakened
  6633 | D:8      | Found a sand-covered staircase.
  6642 | Ossuary  | Entered an ossuary
  7289 | D:8      | Reached skill level 9 in Shapeshifting
  7414 | D:8      | Reached skill level 2 in Fighting
  7417 | D:8      | Reached skill level 3 in Fighting
  7987 | D:8      | Gained mutation: You occasionally lose the ability to read
                  | scrolls when taking damage. [Ru sacrifice]
  7987 | D:8      | Gained mutation: You sometimes lose the ability to read
                  | scrolls when taking damage. [Ru sacrifice]
  7987 | D:8      | Reached * piety under Ru
  8104 | D:9      | Noticed Psyche
  8111 | D:9      | Killed Psyche
  8112 | D:9      | Reached skill level 5 in Fighting
  8112 | D:9      | Reached skill level 2 in Dodging
  8150 | D:9      | Found a staircase to the Lair.
  8180 | D:9      | Noticed Joseph
  8186 | D:9      | Killed Joseph
  8187 | D:9      | Reached skill level 4 in Dodging
  8258 | D:9      | Noticed a walking earthen tome
  8262 | D:9      | Found Rocraw's Book Shoppe.
  8264 | D:9      | Noticed a walking divine tome
  8297 | D:9      | Reached XP level 10. HP: 81/81 MP: 10/10
  8327 | D:9      | HP: 20/97 [gnoll/+0 halberd[a gnoll sergeant] (9)]
  8334 | D:9      | HP: 10/97 [gnoll/+0 club[a gnoll bouda] (3)]
  8336 | D:9      | HP: 4/97 [gnoll/+0 halberd[a gnoll sergeant] (7)]
  8585 | D:9      | Noticed Amaemon
  8587 | D:9      | Noticed an orange demon
  8592 | D:9      | Reached skill level 5 in Dodging
  8604 | D:8      | Killed Amaemon
  8704 | D:9      | Killed an orange demon
  8886 | D:9      | Noticed a cyclops
  8893 | D:9      | Killed a cyclops
  8894 | D:9      | Reached skill level 10 in Shapeshifting
  9202 | D:10     | Entered Level 10 of the Dungeon
  9504 | D:10     | Found a broken altar of Ashenzari.
  9525 | D:10     | Noticed a two-headed ogre
  9534 | D:10     | Killed a two-headed ogre
  9535 | D:10     | Reached skill level 11 in Shapeshifting
  9931 | D:11     | Noticed a manticore
  9940 | D:11     | Killed a manticore
 10054 | D:11     | Noticed a two-headed ogre
 10063 | D:11     | Killed a two-headed ogre
 10064 | D:11     | Reached XP level 11. HP: 78/86 MP: 11/11
 10234 | D:11     | Noticed a two-headed ogre
 10238 | D:11     | Killed a two-headed ogre
 10239 | D:11     | Reached skill level 12 in Shapeshifting
 10327 | D:11     | Found a staircase to the Orcish Mines.
 10388 | D:11     | Gained mutation: You are hated by all. [Ru sacrifice]
 10388 | D:11     | Reached ** piety under Ru
 10388 | D:11     | Reached *** piety under Ru
 11097 | Lair:1   | Entered Level 1 of the Lair of Beasts
 11202 | Lair:1   | Found a dark tunnel.
 11230 | Volcano  | Entered a volcano
 11330 | Volcano  | Reached skill level 13 in Shapeshifting
 11416 | Volcano  | HP: 16/103 [komodo dragon (16)]
 11561 | Volcano  | HP: 24/103 [salamander/+0 halberd (9)]
 11562 | Volcano  | HP: 1/103 [salamander/+0 halberd (15)]
 11564 | Volcano  | Slain by a salamander

Vanquished Creatures
  3 two-headed ogres
  Amaemon (D:8)
  A salamander (Volcano)
  3 cyclopes
  A manticore (D:11)
  Joseph (D:9)
  An orange demon (D:9)
  An unseen horror (D:11)
  Psyche (D:9)
  4 komodo dragons
  3 trolls
  5 yaks (Lair:1)
  5 fire bats (Volcano)
  A shadow (D:11)
  5 wyverns
  Eustachio (D:6)
  A steam dragon (Volcano)
  2 water moccasins
  An acid dragon (D:8)
  3 black bears
  2 ice beasts (D:6)
  A sky beast (D:7)
  An orc warrior (D:10)
  4 ogres
  3 centaurs
  2 phantoms
  3 bullfrogs
  An elf zombie (Ossuary)
  A scorpion (D:7)
  Blork the orc (D:5)
  A gnoll sergeant (D:9)
  3 howler monkeys
  2 human zombies (Ossuary)
  2 hounds
  2 jellies
  10 orc priests
  A centaur zombie (Ossuary)
  3 gnoll boudas
  A sleepcap (D:8)
  3 iguanas
  10 orc wizards
  Ijyb (D:3)
  4 hound zombies (Ossuary)
  3 mummies (Ossuary)
  21 gnolls
  3 adders
  A river rat (D:4)
  A shadow imp (D:5)
  3 ufetubi
  5 adder zombies (Ossuary)
  6 worms
  A dart slug (D:1)
  39 orcs
  12 endoplasms
  3 giant cockroaches
  5 goblins
  5 hobgoblins
  3 jackals (Sewer)
  8 kobolds
  4 quokkas
  5 ball pythons
  6 bats
  2 frilled lizards (D:1)
  A gnoll zombie (Ossuary)
  3 goblin zombies (Ossuary)
  5 hobgoblin zombies (Ossuary)
  A jackal zombie (Ossuary)
  4 kobold zombies (Ossuary)
  2 orc zombies (Ossuary)
  A quokka zombie (Ossuary)
  6 rats
  3 rat zombies (Ossuary)
268 creatures vanquished.

Table legend:
 A = Non-vault XP
 B = Vault XP
 C = Vault XP percentage of total XP
 D = Non-vault monster count
 E = Vault monster count
 F = Vault count percentage of total count
                 A         B        C        D         E       F
            +---------+---------+-------+---------+---------+-------
      Total |   13078 |    5714 |  30.4 |     203 |      65 |  24.3
            +---------+---------+-------+---------+---------+-------
        D:1 |      47 |       4 |   7.8 |      26 |       3 |  10.3
        D:2 |      44 |       0 |   0.0 |      14 |       0 |   0.0
        D:3 |     142 |      32 |  18.4 |      23 |       1 |   4.2
        D:4 |     283 |      21 |   6.9 |      16 |       4 |  20.0
        D:5 |     407 |      85 |  17.3 |      16 |       1 |   5.9
        D:6 |     792 |     191 |  19.4 |      11 |       1 |   8.3
        D:7 |    1025 |       0 |   0.0 |      20 |       0 |   0.0
        D:8 |     734 |     771 |  51.2 |      22 |       1 |   4.3
        D:9 |    1912 |    1264 |  39.8 |      27 |       3 |  10.0
       D:10 |    1357 |       0 |   0.0 |      10 |       0 |   0.0
       D:11 |    4769 |       0 |   0.0 |      10 |       0 |   0.0
     Lair:1 |    1566 |       0 |   0.0 |       8 |       0 |   0.0
      Sewer |       0 |     163 | 100.0 |       0 |       4 | 100.0
    Ossuary |       0 |     418 | 100.0 |       0 |      36 | 100.0
    Volcano |       0 |    2765 | 100.0 |       0 |      11 | 100.0
            +---------+---------+-------+---------+---------+-------

Skill      XL: |  1  2  3  4  5  6  7  8  9 10 11 |
---------------+----------------------------------+-----
Unarmed Combat | 4 5 6 7 8 9 |  9.0
Shapeshifting  | 4 5 6 7 9 11 13 | 13.4
Fighting       | 5 |  5.0
Dodging        | 4 5 |  5.0

Action                     |  1- 3 |  4- 6 |  7- 9 | 10-12 || total
---------------------------+-------+-------+-------+-------++-------
  Melee: Unarmed           |    90 |   116 |   265 |   215 ||   686
         Tailslap          |    15 |    13 |       |       ||    28
         Punch             |       |     2 |       |       ||     2
         Constrict         |       |       |    60 |    46 ||   106
 Invoke: Sacrifice Words   |       |       |     1 |       ||     1
         Sacrifice Love    |       |       |       |     1 ||     1
    Use: Scroll            |       |    12 |    11 |     1 ||    24
         Potion            |       |     4 |       |     2 ||     6
   Stab: Sleeping          |     1 |     1 |       |       ||     2
         Invisible         |       |       |       |     3 ||     3
 Armour: Skin              |    35 |    36 |    88 |    50 ||   209
  Dodge: Dodged            |    42 |    61 |   131 |   161 ||   395
   Form: Anaconda          |       |       |     1 |       ||     1

Illustrated notes

Table legend:
 A = Kills in this place as a percentage of kills in the entire game.
 B = Kills by you in this place as a percentage of kills by you in the entire game.
 C = Kills by friends in this place as a percentage of kills by friends in the entire game.
 D = Other kills in this place as a percentage of other kills in the entire game.
 E = Experience gained in this place as a percentage of experience gained in the entire game.
 F = Experience gained in this place divided by the number of levels of this place that you have seen.
                   A       B       C       D       E      F
               +-------+-------+-------+-------+-------+----------------------
         Total | 100.0 | 100.0 |   N/A |   N/A | 100.0 | 1174.5
       Dungeon |  78.0 |  78.0 |   N/A |   N/A |  73.9 | 1261.8
          Lair |   3.0 |   3.0 |   N/A |   N/A |   8.3 | 1566.0
         Sewer |   1.5 |   1.5 |   N/A |   N/A |   0.9 | 163.0
       Ossuary |  13.4 |  13.4 |   N/A |   N/A |   2.2 | 418.0
       Volcano |   4.1 |   4.1 |   N/A |   N/A |  14.7 | 2765.0
               +-------+-------+-------+-------+-------+----------------------

Table legend: (Time is in decaauts)
 A = Elapsed time spent in this place.
 B = Non-inter-level travel time spent in this place.
 C = Inter-level travel time spent in this place.
 D = Time resting spent in this place.
 E = Time spent auto-exploring this place.
 F = Levels seen in this place.
 G = Mean time per level.
                   A        B        C        D        E       F      G
               +--------+--------+--------+--------+--------+-----+--------+
         Total |  11502 |  10909 |    593 |    635 |   8592 |  16 |  718.9 |
       Dungeon |  10533 |   9966 |    567 |    446 |   8167 |  11 |  957.5 |
        Temple |     15 |     14 |      1 |      0 |     14 |   1 |   15.0 |
          Lair |    128 |    103 |     25 |     14 |     38 |   1 |  128.0 |
         Sewer |    222 |    222 |      0 |     65 |    111 |   1 |  222.0 |
       Ossuary |    277 |    277 |      0 |      0 |    174 |   1 |  277.0 |
       Volcano |    325 |    325 |      0 |    110 |     88 |   1 |  325.0 |
               +--------+--------+--------+--------+--------+-----+--------+

Top non-repeatable levels by time:
     D:8: 1310 daAuts
     D:3: 1188 daAuts
     D:6: 1178 daAuts
    D:11: 1163 daAuts
     D:5: 1113 daAuts
     D:9: 1070 daAuts
     D:1: 910 daAuts
     D:4: 844 daAuts
    D:10: 695 daAuts
     D:7: 671 daAuts
     D:2: 387 daAuts
 Volcano: 325 daAuts
 Ossuary: 277 daAuts
   Sewer: 222 daAuts
  Lair:1: 128 daAuts
